Map: Backwater LE

Players

BootyJorts - Winner!

  • Race: Zerg Zerg
  • Spawn Location: 11:00

aXe

  • Race: Terran Terran
  • League: Diamond
  • Spawn Location: 5:00

VOD

Have the link to the VOD?

Description

Time

  • Played on: April 20, 2018, 5:47 a.m.
  • Length: 10:27
Show
View Real Time Build Order
Export as new Build Order

BootyJorts Zerg - Winner!

Build Orders: Pool First 

Get SALT Encoding   

  12  0:01  Drone  
  13  0:17  Drone  
  14  0:33  Extractor  
  13  0:36  Spawning Pool  
  13  0:37  Drone  
  13  0:38  Extractor, Drone  
  13  0:43  Drone  
  14  0:52  Overlord  
  14  1:13  Drone x2  
  16  1:22  Lair  
  16  1:28  Zergling x2  
  17  1:41  Metabolic Boost  
  17  1:43  Zergling x2  
  18  1:47  Zergling x2  
  18  1:53  Zergling x2  
  20  2:04  Zergling x2  
  21  2:17  Overlord  
  21  2:33  Zergling x2  
  21  2:34  Nydus Network  
  21  2:36  Queen  
  23  2:42  Zergling x2  
  24  2:56  Zergling x2  
  25  3:13  Nydus Canal  
  25  3:19  Zergling x6  
  28  3:41  Zergling x4  
  27  3:54  Zergling x6  
  28  4:02  Zergling x2  
  26  4:03  Queen  
  25  4:22  Zergling x2  
  25  4:23  Zergling x2  
  24  4:33  Zergling x2  
  22  4:39  Queen  
  24  4:55  Zergling x4  
  25  5:08  Zergling x2  
  24  5:21  Zergling x2  
  24  5:28  Zergling x2  
  24  5:41  Zergling x2  
  23  5:53  Zergling x2  
  23  6:00  Zergling x4  
  23  6:01  Zergling x2  
  24  6:15  Queen  
  21  6:27  Hatchery  
  19  6:41  Drone  
  19  6:43  Zergling x6  
  19  6:44  Zergling x2  
  21  6:51  Queen  
  23  7:00  Drone x2  
  23  7:01  Drone  
  26  7:02  Spire  
  25  7:09  Zergling x2  
  25  7:15  Overseer  
  26  7:18  Drone  
  27  7:26  Drone x3  
  30  7:34  Nydus Canal  
  30  7:38  Overlord  
  30  7:44  Overlord  
  30  7:50  Extractor  
  24  8:15  Mutalisk  
  24  8:16  Mutalisk x3  
  32  8:23  Drone x3  
  35  8:27  Mutalisk  
  37  8:37  Zergling x4  
  39  8:43  Mutalisk  
  41  8:51  Drone x2  
  43  9:10  Mutalisk x2  
  43  9:15  Mutalisk  
  49  9:38  Zergling x6  
  52  9:42  Nydus Canal  
  52  9:43  Overlord x2  
Show
View Real Time Build Order
Export as new Build Order

aXe Terran 

Build Orders: Reaper Expand 

Get SALT Encoding   

  12  0:01  SCV  
  13  0:13  SCV  
  14  0:18  Supply Depot  
  14  0:25  SCV  
  15  0:39  SCV  
  15  0:41  Barracks  
  16  0:46  Refinery  
  16  0:51  SCV  
  17  1:03  SCV  
  18  1:16  SCV  
  19  1:28  Orbital Command  
  19  1:29  Reaper  
  20  1:41  Command Center  
  20  1:51  Supply Depot  
  20  1:56  SCV  
  21  2:01  Marine  
  22  2:09  Factory  
  22  2:10  SCV  
  23  2:17  Refinery  
  23  2:23  SCV  
  23  2:24  Barracks Reactor  
  24  2:35  SCV  
  25  2:40  Barracks  
  25  2:47  SCV  
  25  3:05  SCV  
  26  3:13  Starport  
  26  3:17  Hellion  
  26  3:18  Hellion  
  30  3:24  Barracks Reactor  
  30  3:26  Armory  
  30  3:28  Orbital Command  
  30  3:39  Hellion x2  
  32  3:44  Marine  
  28  4:00  Hellion  
  19  4:05  SCV  
  19  4:19  SCV  
  19  4:20  SCV  
  13  4:40  Marine x2  
  13  4:43  Hellion  
  13  4:44  Cyclone  
  20  4:50  SCV  
  20  4:51  SCV  
  20  5:03  SCV  
  16  5:09  SCV  
  13  5:16  Hellion  
  13  5:27  SCV  
  12  6:16  SCV  
  12  6:18  SCV  
  14  6:43  SCV x2  
  16  7:07  Hellion  
  16  7:08  SCV x2  
  20  7:20  SCV x2  
  22  7:23  Supply Depot  
  22  7:32  SCV x2  
  22  7:33  Marine x2  
  26  7:38  Barracks Tech Lab  
  26  7:44  SCV x2  
  26  7:49  Hellion  
  30  7:53  Hellion  
  27  8:25  SCV  
  28  8:31  SCV  
  29  8:34  Cyclone  
  32  8:41  SCV  
  32  8:43  SCV  
  32  8:45  Marauder  
  32  8:46  Marine  
  37  8:48  Marine  
  37  8:54  SCV  
  37  8:55  SCV  
  40  9:15  Hellion x2  
  44  9:18  Orbital Command  
  44  9:19  SCV  
  45  9:32  Supply Depot  
  45  9:34  Supply Depot  
  33  9:47  Widow Mine  
  33  9:48  Widow Mine, Marine x2  
  33  10:07  Marine x2  
  33  10:11  SCV x2  
Tags
 
Add a new tag
Caveats
  • Supply blocks, unpowered buildings, or Contaminate may cause inaccurate times.
  • Supply counts are checked every 10 seconds.